Workbook

Sheet Feuille 1
A1: Service Line 0848 223 223
A2: www.bcf.ch
A3: CHE-108.954.576 TVA
A4: Date/Heure 28.10.2019 18:23:08
A5: Contrat 2085973
A6: Compte 25 01 235.210-01 / CHF
A7: IBAN CH42 0076 8250 1235 2100 1
A8: Rubrique Compte club
A9: Cotisation
A10: Transactions individuelles | C10: Références | D10: RECHERCHEV
A11: Solde initial au 01.01.2019 CHF 17'952.50
A12: Solde final au 28.10.2019 CHF 1'736.50
A13: Date Texte Débit Crédit Solde CHF
A14: 03.01.2019 Crédit BVR 90 80000 00000 02019 01540 00000 CHF 25.00 17'977.50 | B14: =IF(MID(A14,12,6)="Crédit",LEFT(A14,10),"") -> 03.01.2019 | C14: =IF(MID(A14,23,3)="90 ",MID(A14,22,33),IF(MID(A14,23,3)="908",MID(A14,23,2)&" " &MID(A14,25,5)&" " & MID(A14,30,5)&" " &MID(A14,35,5)&" " &MID(A14,40,5)&" " &MID(A14,45,5),"")) -> 90 80000 00000 02019 01540 00000 | D14: =IF(C14="","",VLOOKUP(C14,'Feuille 2'!E:G,3,FALSE)) -> #N/A
A15: Communication/Référence | B15: =IF(MID(A15,12,6)="Crédit",LEFT(A15,10),"") | C15: =IF(MID(A15,23,3)="90 ",MID(A15,22,33),IF(MID(A15,23,3)="908",MID(A15,23,2)&" " &MID(A15,25,5)&" " & MID(A15,30,5)&" " &MID(A15,35,5)&" " &MID(A15,40,5)&" " &MID(A15,45,5),"")) | D15: =IF(C15="","",VLOOKUP(C15,'Feuille 2'!E:G,3,FALSE))
A16: 90 80000 00000 02019 01540 00000 | B16: =IF(MID(A16,12,6)="Crédit",LEFT(A16,10),"") | C16: =IF(MID(A16,23,3)="90 ",MID(A16,22,33),IF(MID(A16,23,3)="908",MID(A16,23,2)&" " &MID(A16,25,5)&" " & MID(A16,30,5)&" " &MID(A16,35,5)&" " &MID(A16,40,5)&" " &MID(A16,45,5),"")) | D16: =IF(C16="","",VLOOKUP(C16,'Feuille 2'!E:G,3,FALSE))
A17: Montant comptabilisé | B17: =IF(MID(A17,12,6)="Crédit",LEFT(A17,10),"") | C17: =IF(MID(A17,23,3)="90 ",MID(A17,22,33),IF(MID(A17,23,3)="908",MID(A17,23,2)&" " &MID(A17,25,5)&" " & MID(A17,30,5)&" " &MID(A17,35,5)&" " &MID(A17,40,5)&" " &MID(A17,45,5),"")) | D17: =IF(C17="","",VLOOKUP(C17,'Feuille 2'!E:G,3,FALSE))
A18: CHF 25.00 | B18: =IF(MID(A18,12,6)="Crédit",LEFT(A18,10),"") | C18: =IF(MID(A18,23,3)="90 ",MID(A18,22,33),IF(MID(A18,23,3)="908",MID(A18,23,2)&" " &MID(A18,25,5)&" " & MID(A18,30,5)&" " &MID(A18,35,5)&" " &MID(A18,40,5)&" " &MID(A18,45,5),"")) | D18: =IF(C18="","",VLOOKUP(C18,'Feuille 2'!E:G,3,FALSE))
A19: 03.01.2019 Crédit BVR 908000000000020190105200004 CHF 35.00 18'012.50 | B19: =IF(MID(A19,12,6)="Crédit",LEFT(A19,10),"") -> 03.01.2019 | C19: =IF(MID(A19,23,3)="90 ",MID(A19,22,33),IF(MID(A19,23,3)="908",MID(A19,23,2)&" " &MID(A19,25,5)&" " & MID(A19,30,5)&" " &MID(A19,35,5)&" " &MID(A19,40,5)&" " &MID(A19,45,5),"")) -> 90 80000 00000 02019 01052 00004 | D19: =IF(C19="","",VLOOKUP(C19,'Feuille 2'!E:G,3,FALSE)) -> 35
A20: Mandataire | B20: =IF(MID(A20,12,6)="Crédit",LEFT(A20,10),"") | C20: =IF(MID(A20,23,3)="90 ",MID(A20,22,33),IF(MID(A20,23,3)="908",MID(A20,23,2)&" " &MID(A20,25,5)&" " & MID(A20,30,5)&" " &MID(A20,35,5)&" " &MID(A20,40,5)&" " &MID(A20,45,5),"")) | D20: =IF(C20="","",VLOOKUP(C20,'Feuille 2'!E:G,3,FALSE))
A21: Communication/Référence | B21: =IF(MID(A21,12,6)="Crédit",LEFT(A21,10),"") | C21: =IF(MID(A21,23,3)="90 ",MID(A21,22,33),IF(MID(A21,23,3)="908",MID(A21,23,2)&" " &MID(A21,25,5)&" " & MID(A21,30,5)&" " &MID(A21,35,5)&" " &MID(A21,40,5)&" " &MID(A21,45,5),"")) | D21: =IF(C21="","",VLOOKUP(C21,'Feuille 2'!E:G,3,FALSE))
A22: 90 80000 00000 02019 01052 00004 | B22: =IF(MID(A22,12,6)="Crédit",LEFT(A22,10),"") | C22: =IF(MID(A22,23,3)="90 ",MID(A22,22,33),IF(MID(A22,23,3)="908",MID(A22,23,2)&" " &MID(A22,25,5)&" " & MID(A22,30,5)&" " &MID(A22,35,5)&" " &MID(A22,40,5)&" " &MID(A22,45,5),"")) | D22: =IF(C22="","",VLOOKUP(C22,'Feuille 2'!E:G,3,FALSE))
A23: Montant comptabilisé | B23: =IF(MID(A23,12,6)="Crédit",LEFT(A23,10),"") | C23: =IF(MID(A23,23,3)="90 ",MID(A23,22,33),IF(MID(A23,23,3)="908",MID(A23,23,2)&" " &MID(A23,25,5)&" " & MID(A23,30,5)&" " &MID(A23,35,5)&" " &MID(A23,40,5)&" " &MID(A23,45,5),"")) | D23: =IF(C23="","",VLOOKUP(C23,'Feuille 2'!E:G,3,FALSE))
A24: CHF 35.00 | B24: =IF(MID(A24,12,6)="Crédit",LEFT(A24,10),"") | C24: =IF(MID(A24,23,3)="90 ",MID(A24,22,33),IF(MID(A24,23,3)="908",MID(A24,23,2)&" " &MID(A24,25,5)&" " & MID(A24,30,5)&" " &MID(A24,35,5)&" " &MID(A24,40,5)&" " &MID(A24,45,5),"")) | D24: =IF(C24="","",VLOOKUP(C24,'Feuille 2'!E:G,3,FALSE))
A25: 03.01.2019 Crédit BVR 908000000000020190157200001 CHF 25.00 18'037.50 | B25: =IF(MID(A25,12,6)="Crédit",LEFT(A25,10),"") -> 03.01.2019 | C25: =IF(MID(A25,23,3)="90 ",MID(A25,22,33),IF(MID(A25,23,3)="908",MID(A25,23,2)&" " &MID(A25,25,5)&" " & MID(A25,30,5)&" " &MID(A25,35,5)&" " &MID(A25,40,5)&" " &MID(A25,45,5),"")) -> 90 80000 00000 02019 01572 00001 | D25: =IF(C25="","",VLOOKUP(C25,'Feuille 2'!E:G,3,FALSE)) -> 25
... A29: CHF 25.00 | B29: =IF(MID(A29,12,6)="Crédit",LEFT(A29,10),"") | C29: =IF(MID(A29,23,3)="90 ",MID(A29,22,33),IF(MID(A29,23,3)="908",MID(A29,23,2)&" " &MID(A29,25,5)&" " & MID(A29,30,5)&" " &MID(A29,35,5)&" " &MID(A29,40,5)&" " &MID(A29,45,5),"")) | D29: =IF(C29="","",VLOOKUP(C29,'Feuille 2'!E:G,3,FALSE))

Sheet Feuille 2
A1: N° mbre | B1: Noms + prénoms | C1: Date facture | D1: Montant à recevoir | E1: Références | F1: Date de paiement | G1: Montant payé
A2: 1050 | B2: Nom 1 | C2: 43419 | D2: 70 | E2: 90 80000 00000 02019 01050 00005 | F2: 43465 | G2: 70
A3: 1051 | B3: Nom 2 | C3: 43419 | D3: 35 | E3: 90 80000 00000 02019 01051 00009 | F3: 43462 | G3: 35
A4: 1052 | B4: Nom 3 | C4: 43419 | D4: 35 | E4: 90 80000 00000 02019 01052 00004 | F4: 43468 | G4: 35
A5: 1053 | B5: Nom 4 | C5: 43419 | D5: 75 | E5: 90 80000 00000 02019 01053 00008 | F5: 43473 | G5: 75
A6: 1539 | B6: Nom 5 | C6: 43419 | D6: 25 | E6: 90 80000 00000 02019 01539 00009 | F6: 43465 | G6: 25
A7: 1540 | B7: Nom 6 | C7: 43419 | D7: 25 | E7: 90 80000 00000 02019 01540 00000 | F7: 43468 | G7: 25
A8: 1571 | B8: Nom 7 | C8: 43419 | D8: 35 | E8: 90 80000 00000 02019 01571 00006 | F8: 43462 | G8: 35
A9: 1572 | B9: Nom 8 | C9: 43419 | D9: 25 | E9: 90 80000 00000 02019 01572 00001 | F9: 43468 | G9: 25
A10: 1577 | B10: Nom 9 | C10: 43419 | D10: 70 | E10: 90 80000 00000 02019 01577 00005 | F10: 43440 | G10: 70
